 Dungeon Crawl Stone Soup version 0.24.0-35-gdb84b6a5db (webtiles) character file.

Game seed: 7796224256729009352, levelgen mode: deterministic

109 MiernyMiazsz the Chopper (level 4, -12/40 HPs)
             Began as a Hill Orc Fighter on Nov 19, 2019.
             Was an Initiate of Ru.
             Killed from afar by a dream sheep (16 damage)
             ... with an exploding inner flame
             ... on level 3 of the Dungeon.
             The game lasted 00:04:57 (2046 turns).

MiernyMiazsz the Chopper (Hill Orc Fighter)         Turns: 2046, Time: 00:04:58

Health: -12/40     AC:  7    Str: 19    XL:     4   Next: 89%
Magic:  4/4        EV:  7    Int:  8    God:    Ru [......]
Gold:   170        SH:  9    Dex: 10    Spells: 3/3 levels left

rFire    . . .     SeeInvis .   a - +0 war axe
rCold    . . .     Gourm    .   c - +0 shield
rNeg     . . .     Faith    .   b - +0 scale mail
rPois    .         Spirit   .   (no helmet)
rElec    .         Reflect  .   (no cloak)
rCorr    .         Harm     .   (no gloves)
MR       .....                  (no boots)
Stlth    +.........             (no amulet)
HPRegen  0.13/turn              o - ring of stealth
MPRegen  0.09/turn              (no ring)

@: no status effects
A: no striking features
a: Renounce Religion


You were on level 3 of the Dungeon.
You worshipped Ru.
Ru was noncommittal.
You were not hungry.

You visited 1 branch of the dungeon, and saw 3 of its levels.

You collected 170 gold pieces.

Inventory:

Hand Weapons
 a - a +0 war axe (weapon)
Armour
 b - a +0 scale mail (worn)
 c - a +0 shield (worn)
Jewellery
 o - a ring of stealth (left hand)
Wands
 j - a wand of polymorph (8)
Scrolls
 e - 2 scrolls of teleportation {unknown}
 k - 2 scrolls of remove curse {unknown}
 m - a scroll of identify
Potions
 d - a potion of might
 g - 2 potions of curing
 h - a potion of invisibility {unknown}
 i - 2 potions of mutation {unknown}
 l - a potion of degeneration {unknown}
 n - a potion of lignification {unknown}
 p - a potion of haste {unknown}
Comestibles
 f - 6 rations


   Skills:
 + Level 4.1 Fighting
 + Level 4.3 Axes
 + Level 4.1 Armour
 + Level 0.3 Dodging
 + Level 0.1 Stealth
 + Level 4.0 Shields


You had 3 spell levels left.
You didn't know any spells.
Your spell library was empty.

Dungeon Overview and Level Annotations

Branches:
Dungeon (3/15)

Altars:
Ru
Xom
Zin


Message History

There are monsters nearby!
The dream sheep burns! x5
The dream sheep burns! x5
The dream sheep bleats! x4
You hit the dream sheep.
Your attack snaps the dream sheep out of its fear.
The dream sheep is severely wounded.
You hit the dream sheep.
Your attack snaps the dream sheep out of its fear.
The dream sheep burns! x2
The dream sheep explodes!
The fiery explosion engulfs you!!!
Ouch! That really hurt!
* * * LOW HITPOINT WARNING * * *
The fiery explosion engulfs the dream sheep!!
The dream sheep explodes!
The fiery explosion engulfs the dream sheep!!
The dream sheep explodes!
The fiery explosion engulfs you!
You die...

#............#
#######.####.#
#######.#..#.#
#........<...#
#.##.#########
#..........#
#..........#
###########..........#
.......†......§§@§§..#
##########....§§§§...#
#....§§§§Y..#
#.....§§.Y..#
#...........#
#...........#
#############


You could see 2 dream sheep.

Vanquished Creatures
  2 adders
  2 oozes
  A worm (D:2)
  5 dart slugs
  4 leopard geckos
  An orc (D:3)
  4 giant cockroaches (D:3)
  7 goblins
  7 hobgoblins
  3 jackals (D:1)
  3 kobolds
  A quokka (D:3)
  12 bats
  4 frilled lizards
  8 rats
  A plant (D:1)
65 creatures vanquished.

Notes
Turn   | Place    | Note
-------+----------+-------------------------------------------
     0 | D:1      | MiernyMiazsz the Hill Orc Fighter began the quest for the
                  | Orb.
     0 | D:1      | Reached XP level 1. HP: 19/19 MP: 1/1
    80 | D:1      | Reached XP level 2. HP: 27/27 MP: 2/2
   335 | D:1      | Reached XP level 3. HP: 33/33 MP: 3/3
  1194 | D:2      | Reached XP level 4. HP: 40/40 MP: 4/4
  1237 | D:2      | Found a glowing silver altar of Zin.
  1547 | D:2      | Found a sacrificial altar of Ru.
  1592 | D:2      | Became a worshipper of Ru the Awakened
  2043 | D:3      | Noticed a dream sheep
  2043 | D:3      | Noticed a dream sheep
  2043 | D:3      | Noticed a dream sheep
  2043 | D:3      | Noticed a dream sheep
  2043 | D:3      | Noticed a dream sheep
  2043 | D:3      | Found a shimmering altar of Xom.
  2046 | D:3      | Killed a dream sheep
  2046 | D:3      | Killed a dream sheep
  2046 | D:3      | Killed a dream sheep
  2046 | D:3      | Killed from afar by a dream sheep

Levels and vault maps discovered:
D:1:      onia_arrival_mini_maze, layout_loops_ring
D:2:      layout_loops_ring, zin_academy, nicolae_ru_awakened_eye
D:3:      layout_basic, kb_xom_exploding_sheep, first_ration,
          minmay_three_crescents

Skill      XL: |  1  2  3  4 |
---------------+-------------+-----
Axes           | 3 4 |  4.3
Shields        | 4 |  4.0
Fighting       | 4 |  4.1
Armour         | 4 |  4.1
Dodging        | |  0.3
Stealth        | |  0.1

Action                   |  1- 3 |  4- 6 || total
-------------------------+-------+-------++-------
Melee: War axe           |   120 |    66 ||   186
  Use: Scroll            |       |     7 ||     7
  Eat: Chunk             |     1 |     1 ||     2
       Ration            |       |     1 ||     1
Armor: Scale mail        |    44 |    40 ||    84
Dodge: Dodged            |    27 |    24 ||    51
Block: Shield            |    52 |    40 ||    92
